 Dungeon Crawl Stone Soup version 0.31.0-11-ge490571c62 (webtiles) character file.

Game seed: 16748560909114224861

9571 theswoord the Cruncher (level 11, -2/72 HPs)
             Began as a Demonspawn Gladiator on Jan 30, 2024.
             Was a Believer of Hepliaklqana.
             Slain by an eight-headed hydra (7 damage)
             ... on level 2 of the Lair of Beasts on Jan 31, 2024.
             The game lasted 00:22:13 (10580 turns).

theswoord the Cruncher (Demonspawn Gladiator)      Turns: 10580, Time: 00:22:15

Health: -2/72      AC: 10    Str: 17    XL:     11   Next: 24%
Magic:  11/11      EV: 13    Int:  8    God:    Hepliaklqana [**....]
Gold:   440        SH:  0    Dex: 17    Spells: 10/10 levels left

rFire   . . .        a - +1 quarterstaff
rCold   . . .        (shield currently unavailable)
rNeg    . . .        o - +1 ring mail "Nitodwor" {Slay+3}
rPois   .            c - +0 helmet
rElec   .            i - +1 cloak
rCorr   .            (gloves unavailable)
SInv    .            (no boots)
Will    .....        (no amulet)
Stlth   +            p - ring of wizardry
HPRegen 0.32/turn    (no ring)
MPRegen 0.12/turn

%: wizardry (x1)
@: no status effects
A: reduced essence, demonic guardian 2, ignite blood 2, demonic touch 3
a: Renounce Religion, Recall Ancestor, Ancestor Identity


You were on level 2 of the Lair of Beasts.
You worshipped Hepliaklqana.
Hepliaklqana was pleased with you.
You visited 3 branches of the dungeon, and saw 12 of its levels.

You collected 440 gold pieces.

Inventory:

Hand Weapons
 a - a +1 quarterstaff (weapon)
 G - a +0 whip of electrocution
Missiles
 y - 4 javelins (quivered)
Armour
 b - a +0 leather armour
 c - a +0 helmet (worn)
 d - a +0 pair of boots
 i - a +1 cloak (worn)
 j - a +0 scale mail of willpower
 m - a +0 pair of gloves
 o - the +1 ring mail "Nitodwor" (worn) {Slay+3}
   (You found it on level 2 of the Dungeon)

   Slay+3:    It affects your accuracy & damage with ranged weapons and melee
   (+3).
 t - a +1 pair of boots
Jewellery
 p - a ring of wizardry (left hand)
 B - a ring of positive energy
Wands
 e - a wand of mindburst (14)
 F - a wand of iceblast (2)
Scrolls
 g - 3 scrolls of teleportation
 q - 2 scrolls of silence
 s - 2 scrolls of noise
 v - a scroll of enchant armour
 A - 2 scrolls of identify
Potions
 f - 2 potions of lignification
 h - a potion of curing
 k - 2 potions of heal wounds
 l - 2 potions of enlightenment {unknown}
 n - a potion of ambrosia
 r - a potion of mutation
 u - 2 potions of haste
 x - 2 potions of berserk rage {unknown}
 z - a potion of brilliance {unknown}
 C - a potion of degeneration {unknown}
 D - a potion of might
 E - a potion of attraction {unknown}


   Skills:
 + Level 5.8 Fighting
 * Level 13.8 Staves
 - Level 1.7 Throwing
 + Level 4.8 Armour
 + Level 5.7 Dodging


You had 10 spell levels left.
You didn't know any spells.
Your spell library was empty.

Dungeon Overview and Level Annotations

Branches:
Dungeon (9/15)             Temple (1/1) D:4            Lair (2/5) D:8
  Swamp: Lair:2-3    Shoals: Lair:2-3     Snake: Lair:2-3    Spider: Lair:2-3
    Orc: D:9-12

Altars:
Ashenzari
Cheibriados
Dithmenos
Fedhas
Gozag
Hepliaklqana
Kikubaaqudgha
Makhleb
Nemelex Xobeh
Okawaru
Qazlal
Ru
Sif Muna
Vehumet
Wu Jian
Xom
Yredelemnul

Shops:
D:3 =   D:6 !

Annotations:
D:6 1 runed translucent door, dakkaduck's ghost, novice MiBe
D:7 2 transporters, exclusion: statue


Innate Abilities, Weirdness & Mutations

Your life essence is reduced to manifest your ancestor. (-10% HP)
A demonic guardian rushes to your aid.
Your demonic aura often causes spilled blood to erupt in flames.
Your touch may irresistibly damage your foes and sap their willpower.


Message History

The elephant is engulfed in blazing flames.
The elephant tramples you.
* * * LOW HITPOINT WARNING * * *
You stumble backwards!
You stop ascending the stairs.
Xochipepe casts a spell at the eight-headed hydra.
The stone arrow hits the eight-headed hydra!
As you read the scroll of fear, it crumbles to dust.
You assume a fearsome visage.
The eight-headed hydra looks frightened!
The elephant looks frightened!
The elephant is engulfed in blazing flames.
The elephant is engulfed in blazing flames.
There is a stone staircase leading up, spattered with blood here.
Xochipepe gestures at the eight-headed hydra while chanting.
The stone arrow hits the eight-headed hydra!
Xochipepe's attack snaps the eight-headed hydra out of its fear.
Xochipepe hits the eight-headed hydra with a +0 quarterstaff!
The eight-headed hydra barely misses you. x2
The eight-headed hydra bites you!
* * * LOW HITPOINT WARNING * * *
The eight-headed hydra bites you but does no damage.
The eight-headed hydra bites you!
* * * LOW HITPOINT WARNING * * *
A demonic guardian appears!
The eight-headed hydra misses you. x2
The eight-headed hydra bites you.
* * * LOW HITPOINT WARNING * * *
You feel much better.
The eight-headed hydra is engulfed in blazing flames.
The eight-headed hydra barely misses you. x2
The eight-headed hydra bites you.
* * * LOW HITPOINT WARNING * * *
The eight-headed hydra closely misses you.
The eight-headed hydra bites you!
* * * LOW HITPOINT WARNING * * *
The eight-headed hydra bites you.
* * * LOW HITPOINT WARNING * * *
The eight-headed hydra bites you.
* * * LOW HITPOINT WARNING * * *
The eight-headed hydra bites you!
You die...

#P.. #..#.##.#....+#.
#...######...........
...........Y........
#...###'P#..#P......
#...#......÷.......
#...#..........(((.
##...##.#.P#○...(P..
#P......4..D........
#........§@R......(.
##..................
#..................
##..............P#++#.
#...P.P.#.P.#.........
##............#.......
#....#.................
##...#.......#.#.........
#....+#.#..#............


You could see the friendly Xochipepe the battlemage, an eight-headed hydra (ally
target), an elephant (fleeing) and a friendly orange demon (summoned).

Vanquished Creatures
  3 elephants (Lair:1)
  3 cane toads (Lair:1)
  3 komodo dragons
  Psyche (D:8)
  A fire bat (D:5)
  7 yaks
  A steam dragon (D:7)
  Menkaure (D:6)
  7 water moccasins
  A sky beast (D:7)
  2 ice beasts (D:7)
  An orc warrior (D:6)
  7 wolves
  2 ogres
  6 centaurs
  3 phantoms
  2 kobold brigands (D:8)
  3 bullfrogs
  A burial acolyte (D:7)
  9 wights
  6 killer bees
  A howler monkey (D:7)
  3 jellies
  A bombardier beetle (D:7)
  2 hounds
  2 orc priests (D:7)
  2 sleepcaps (D:5)
  2 orc wizards
  6 hell rats (Lair:1)
  Natasha (thrice) (D:2)
  8 adders
  2 shadow imps (D:6)
  A white imp (D:5)
  5 ufetubi
  3 ribbon worms
  2 dart slugs
  10 orcs
  6 endoplasms
  5 giant cockroaches
  4 goblins
  2 hobgoblins
  7 jackals
  6 quokkas
  7 ball pythons
  4 bats
  6 frilled lizards
  3 jackal zombies (D:7)
  11 kobolds
  3 rats
187 creatures vanquished.

Vanquished Creatures (collateral kills)
  A wyvern (D:8)
  2 yaks (Lair:2)
  3 wolves (Lair:1)
  A bullfrog (Lair:1)
  A scorpion (D:5)
  2 killer bees
  An adder (D:2)
  A jackal (D:4)
  A kobold (D:9)
13 creatures vanquished.

Vanquished Creatures (others)
  2 ancestors
2 creatures vanquished.

Grand Total: 202 creatures vanquished

Notes
Turn   | Place    | Note
-------+----------+-------------------------------------------
     0 | D:1      | theswoord the Demonspawn Gladiator began the quest for the
                  | Orb.
     0 | D:1      | Reached XP level 1. HP: 16/16 MP: 1/1
    54 | D:1      | Reached skill level 3 in Staves
   195 | D:1      | Gained mutation: A weak demonic guardian rushes to your
                  | aid. [demonic ancestry]
   195 | D:1      | Reached XP level 2. HP: 22/22 MP: 2/2
   785 | D:2      | Reached XP level 3. HP: 26/27 MP: 3/3
   832 | D:2      | Noticed a phantom
   843 | D:2      | Killed a phantom
   844 | D:2      | Reached skill level 4 in Staves
   844 | D:2      | Gained mutation: Your touch may inflict minor irresistible
                  | damage on your foes. [demonic ancestry]
   844 | D:2      | Reached XP level 4. HP: 31/33 MP: 4/4
   936 | D:2      | Reached skill level 5 in Staves
  1044 | D:2      | Identified the +1 ring mail "Nitodwor" {Slay+3}
  1119 | D:2      | Noticed Natasha
  1130 | D:2      | Killed Natasha
  1131 | D:2      | Gained mutation: Your touch may inflict irresistible damage
                  | on your foes. [demonic ancestry]
  1131 | D:2      | Reached XP level 5. HP: 32/38 MP: 5/5
  1196 | D:2      | Noticed Natasha
  1205 | D:2      | Killed Natasha
  1219 | D:2      | Noticed Natasha
  1228 | D:2      | Killed Natasha
  1449 | D:3      | Noticed an ogre
  1459 | D:3      | Killed an ogre
  1460 | D:3      | Reached skill level 6 in Staves
  1460 | D:3      | Gained mutation: Your demonic aura sometimes causes spilled
                  | blood to erupt in flames. [demonic ancestry]
  1460 | D:3      | Reached XP level 6. HP: 31/44 MP: 6/6
  1550 | D:3      | Found Foisen's Jewellery Boutique.
  2256 | D:4      | Found a staircase to the Ecumenical Temple.
  2265 | Temple   | Entered the Ecumenical Temple
  2336 | D:4      | Noticed a water moccasin
  2355 | D:4      | Killed a water moccasin
  2355 | D:4      | HP: 2/44 [jackal (3)]
  2356 | D:4      | Reached skill level 7 in Staves
  2851 | D:4      | Gained mutation: Your touch may irresistibly damage your
                  | foes and sap their willpower. [demonic ancestry]
  2851 | D:4      | Reached XP level 7. HP: 39/50 MP: 7/7
  3419 | D:5      | Entered Level 5 of the Dungeon
  3514 | D:5      | Reached skill level 8 in Staves
  4092 | D:5      | Found a shimmering altar of Xom.
  4092 | D:5      | Noticed a fire bat
  4099 | D:5      | Killed a fire bat
  4100 | D:5      | Reached skill level 9 in Staves
  4100 | D:5      | Gained mutation: Your demonic aura often causes spilled
                  | blood to erupt in flames. [demonic ancestry]
  4100 | D:5      | Reached XP level 8. HP: 27/56 MP: 8/8
  4356 | D:5      | Found a shadowy altar of Dithmenos.
  4357 | D:5      | Found an opulent altar of Gozag.
  4831 | D:6      | Noticed Menkaure
  4951 | D:6      | Killed Menkaure
  4952 | D:6      | Reached skill level 10 in Staves
  5157 | D:6      | Found a snail-covered altar of Cheibriados.
  5222 | D:6      | Found a runed translucent door.
  5223 | D:6      | Noticed dakkaduck's ghost (novice MiBe)
  5235 | D:6      | Found a hazy altar of Hepliaklqana.
  5398 | D:6      | Found Elizoz's Distillery.
  5804 | D:6      | HP: 2/56 [shadow imp/nerve-wracking pain (7)]
  6018 | D:6      | Became a worshipper of Hepliaklqana the Forgotten
  6056 | D:7      | Reached skill level 11 in Staves
  6181 | D:7      | Reached XP level 9. HP: 61/61 MP: 9/9
  6233 | D:7      | Found a stormy altar of Qazlal.
  6606 | D:7      | Found a transporter.
  6610 | D:7      | Noticed a red ugly thing
  6611 | D:7      | Found a transporter.
  6611 | D:7      | Noticed a purple ugly thing
  6863 | D:7      | Reached skill level 12 in Staves
  7047 | D:7      | Found a radiant altar of Vehumet.
  7198 | D:7      | Reached skill level 1 in Armour
  7202 | D:7      | Found an ancient bone altar of Kikubaaqudgha.
  7295 | D:8      | Noticed Psyche
  7301 | D:8      | Killed Psyche
  7615 | D:8      | Gained mutation: A demonic guardian rushes to your aid.
                  | [demonic ancestry]
  7615 | D:8      | Reached XP level 10. HP: 70/70 MP: 10/10
  7646 | D:8      | Reached * piety under Hepliaklqana
  7827 | D:8      | Found a shimmering blue altar of Sif Muna.
  8113 | D:8      | Found a staircase to the Lair.
  8290 | D:8      | Found a sacrificial altar of Ru.
  8635 | D:9      | Noticed a two-headed ogre
  8905 | Lair:1   | Entered Level 1 of the Lair of Beasts
  8926 | Lair:1   | Reached skill level 13 in Staves
  8929 | Lair:1   | Noticed a cane toad
  8939 | Lair:1   | Killed a cane toad
  9173 | Lair:1   | Noticed a cane toad
  9179 | Lair:1   | Killed a cane toad
  9362 | Lair:1   | Noticed a cane toad
  9367 | Lair:1   | Killed a cane toad
  9368 | Lair:1   | Reached skill level 5 in Dodging
  9375 | Lair:1   | Reached skill level 5 in Fighting
  9508 | Lair:1   | Reached ** piety under Hepliaklqana
  9900 | Lair:1   | Reached XP level 11. HP: 53/72 MP: 11/11
 10338 | Lair:2   | Noticed an eight-headed hydra
 10409 | Lair:1   | Remembered your ancestor Xochipepe as a battlemage
 10579 | Lair:2   | HP: 2/72 [eight-headed hydra (4)]
 10580 | Lair:2   | Slain by an eight-headed hydra

Skill      XL: |  1  2  3  4  5  6  7  8  9 10 |
---------------+-------------------------------+-----
Staves         | 3 4 5 6 7 9 11 12 13 | 13.8
Dodging        | 3 5 |  5.7
Armour         | 2 4 |  4.8
Fighting       | 3 5 |  5.8
Throwing       | |  1.7

Action                     |  1- 3 |  4- 6 |  7- 9 | 10-12 || total
---------------------------+-------+-------+-------+-------++-------
  Melee: Quarterstaff      |    74 |   150 |   281 |   152 ||   657
  Throw: Throwing net      |       |     4 |     1 |       ||     5
         Javelin           |       |       |     2 |       ||     2
 Invoke: Recall Ancestor   |       |       |       |     3 ||     3
         Ancestor Life: Ba |       |       |       |     1 ||     1
    Use: Scroll            |     4 |     8 |     7 |     5 ||    24
         Potion            |       |     2 |     3 |     3 ||     8
   Stab: Sleeping          |     1 |       |       |       ||     1
         Held in net/web   |       |     2 |     1 |       ||     3
 Armour: Leather armour    |    35 |     8 |       |       ||    43
         Ring mail         |       |   107 |   184 |   171 ||   462
  Dodge: Dodged            |    71 |   109 |   152 |   141 ||   473

Levels and vault maps discovered:
D:1:      dpeg_arrival_oval, layout_rooms
D:2:      layout_rooms, nrook_uturn, nrook_campfire, uniq_natasha
D:3:      layout_loops_ring, serial_shops, shop
D:4:      layout_basic, mainiacjoe_overflow_paths,
          minmay_temple_entry_mini_moons
D:5:      layout_loops_corners, regret_index_xom_of_box,
          gammafunk_temple_overflow_statue
D:6:      layout_cave_pools, kennysheep_slug_shrine, nzn_hepliaklqana_mist_gate,
          gammafunk_ghost_grave, nicolae_take_the_stairs, nicolae_sextant,
          uniq_menkaure
D:7:      gammafunk_corrupted_shrine, layout_cave_pools, grunt_qazlal_sundering,
          vehumet_statue, lemuel_zombie_altar_kikubaaqudgha
D:8:      layout_loops_ring, lemuel_round_altar, lemuel_doored_altar,
          lair_entry_dummy, minmay_starry_boxes, uniq_psyche
D:9:      layout_cave_pools, serial_ice, serial_ice_b, serial_ice_l,
          serial_ice_d, serial_ice_f, serial_ice_h, serial_ice_g,
          enter_bailey_3, minmay_fire_ice_demons, uniq_maggie
Temple:   nicolae_temple_cloud_nine
Lair:1:   layout_regular_city, minmay_stone_trees_small, grunt_megastairs_4,
          infiniplex_staircase_pool
Lair:2:   layout_chaotic_city, minmay_swamp_entry_swarm,
          minmay_snake_entry_guardpost_medium, lemuel_fruit_tree
